AoeStats
← MagicMind

Arena

506264018Analyzed
4v4 RM · 19d ago on Sep 13, 2026· 52m 7s· 8 players
Game mode
Random Map
Map size
Large (8 player)
Population
200
Speed
Normal
Resources
Standard
Victory
Conquest
Starting age
Dark Age
Ending age
Imperial Age
RankedLock teamsTeams togetherTeam positionsShared explorationLock speedFull tech treeHidden civsTurbo modeCheats
Victory
Defeat
🇷🇴 Burgundians · Romania
991
+16
🇪🇸 Hindustanis · Spain
979
+17
🇹🇷 Persians · Türkiye
957
+29
🇹🇷 Vikings · Türkiye
903
+20
🇲🇽 Hindustanis · Mexico
1094
-22
🇦🇷 Spanish · Argentina
1048
-20
🇲🇽 Wu · Mexico
982
-17
🇲🇽 Britons · Mexico
829
-11
REPLICANT
11:09 Feudal Age
12:08 Double-Bit Axe
12:06 Horse Collar
18:04 Castle Age
20:45 Bow Saw
21:40 Stone Mining
21:40 Gold Mining
22:03 Scale Barding Armor
22:08 Forging
24:49 Stone Shaft Mining
24:04 Gold Mining
27:16 Chain Barding Armor
27:31 Iron Casting
27:27 Gold Mining
27:57 Caravan
30:41 Wheelbarrow
30:45 Gold Shaft Mining
30:48 Ballistics
30:24 Murder Holes
31:29 Hand Cart
34:41 Imperial Age
33:25 Masonry
35:05 Husbandry
35:16 Bloodlines
34:28 Cavalier
35:48 Plate Barding Armor
36:14 Blast Furnace
35:38 Loom
35:42 Town Watch
37:49 Two-Man Saw
36:52 Heavy Plow
37:14 Town Patrol
37:36 Conscription
37:52 Hoardings
36:45 Savar
40:00 Scale Mail Armor
50:36 Chemistry
50:08 Architecture
MagicMind
0:29 Loom
11:59 Feudal Age
13:31 Wheelbarrow
16:43 Castle Age
15:13 Double-Bit Axe
15:32 Horse Collar
15:56 Gold Mining
16:58 Stone Mining
18:09 Bow Saw
19:22 Scale Mail Armor
20:56 Forging
22:05 Chain Mail Armor
22:31 Hand Cart
24:14 Iron Casting
24:32 Town Watch
24:35 Arson
25:10 Squires
25:18 Pikeman
27:42 Scale Barding Armor
33:01 Imperial Age
31:37 Town Patrol
33:06 Heavy Plow
34:54 Two-Man Saw
35:09 Blast Furnace
34:46 Bloodlines
35:37 Husbandry
36:18 Heavy Camel Rider
40:08 Chain Barding Armor
41:29 Plate Barding Armor
42:03 Caravan
42:16 Imperial Camel Rider
43:12 Fletching
43:23 Padded Archer Armor
44:18 Bodkin Arrow
44:09 Elite Skirmisher
45:06 Leather Archer Armor
45:55 Conscription
46:38 Ballistics
47:19 Chemistry
46:54 Ring Archer Armor
47:48 Bracer
51:13 Shatagni
51:39 Elite Ghulam
52:27 Grand Trunk Road
53:04 Hoardings
Hz.Jesus
11:10 Feudal Age
18:23 Castle Age
16:54 Double-Bit Axe
17:02 Stone Mining
18:56 Horse Collar
22:08 Forging
21:58 Scale Mail Armor
25:12 Arson
25:28 Squires
27:36 Fletching
27:47 Padded Archer Armor
27:30 Elite Skirmisher
28:53 Gold Mining
34:31 Imperial Age
33:02 Chieftains
34:01 Gold Shaft Mining
34:45 Iron Casting
33:55 Pikeman
36:21 Loom
43:40 Chain Mail Armor
44:26 Blast Furnace
46:03 Plate Mail Armor
48:43 Bow Saw
50:20 Capped Ram
51:45 Siege Ram
SyL1on
10:18 Feudal Age
9:18 Double-Bit Axe
9:45 Horse Collar
11:18 Bow Saw
11:36 Heavy Plow
17:50 Castle Age
16:06 Gold Mining
16:07 Stone Mining
17:34 Wheelbarrow
20:01 Two-Man Saw
19:34 Crop Rotation
22:39 Hand Cart
27:13 Gold Shaft Mining
27:45 Stone Shaft Mining
31:13 Imperial Age
28:32 Town Watch
28:35 Loom
29:32 Scale Barding Armor
29:28 Scale Mail Armor
29:40 Forging
29:39 Fletching
29:51 Padded Archer Armor
31:42 Chain Barding Armor
31:39 Chain Mail Armor
32:00 Iron Casting
31:22 Bodkin Arrow
31:43 Leather Archer Armor
32:00 Burgundian Vineyards
31:22 Pikeman
32:02 Squires
31:48 Arson
33:07 Chemistry
32:18 Masonry
32:19 Fortified Wall
31:50 Treadmill Crane
32:32 Ballistics
33:05 Town Patrol
34:53 Plate Barding Armor
34:49 Plate Mail Armor
35:21 Blast Furnace
34:22 Bracer
35:53 Onager
37:22 Cavalier
38:03 Husbandry
37:25 Halberdier
37:29 Elite Skirmisher
38:45 Architecture
38:10 Murder Holes
39:28 Paladin
39:28 Light Cavalry
45:54 Elite Coustillier
46:06 Sappers
49:59 Bombard Tower
Mogador
Chaviux
10:50 Feudal Age
14:55 Castle Age
13:19 Double-Bit Axe
14:14 Horse Collar
17:20 Bow Saw
18:26 Bow Saw
23:27 Heavy Plow
24:05 Wheelbarrow
27:02 Imperial Age
27:08 Imperial Age
25:06 Gold Mining
27:42 Gold Shaft Mining
27:38 Scale Barding Armor
27:43 Forging
30:05 Chain Barding Armor
30:21 Iron Casting
31:01 Chemistry
31:13 Two-Man Saw
29:39 Heavy Camel Rider
31:45 Plate Barding Armor
31:48 Imperial Camel Rider
35:03 Blast Furnace
34:19 Bloodlines
34:10 Husbandry
36:33 Hand Cart
40:04 Light Cavalry
41:24 Hussar
LUCA-14
4:53 Loom
11:34 Feudal Age
17:01 Castle Age
16:18 Double-Bit Axe
16:32 Horse Collar
25:28 Scale Barding Armor
25:18 Town Watch
30:09 Chain Barding Armor
30:35 Bow Saw
31:40 Forging
32:11 Wheelbarrow
31:41 Pikeman
32:22 Squires
32:08 Gambesons
32:09 Arson
34:48 Scale Mail Armor
35:03 Forging
39:35 Imperial Age
40:07 Elite Conquistador
41:27 Halberdier
44:13 Chemistry
leon_skennedy96
0:27 Loom
15:17 Feudal Age
21:27 Castle Age
19:23 Horse Collar
19:31 Double-Bit Axe
19:49 Man-at-Arms
22:24 Arson
22:44 Padded Archer Armor
22:54 Long Swordsman
25:06 Fletching
27:11 Crossbowman
28:20 Forging
28:50 Heavy Plow
29:25 Scale Mail Armor
46:56 Bodkin Arrow
49:59 Gold Mining
50:01 Pikeman
Connection lost

Rejoining the realm…

Still unreachable

The connection could not be restored.

Session expired

The server has moved on; the page needs a fresh start.